PA
GWINNETT COUNTY BLACK CATS @ YELLOWKNIFE DRAGONBLOOD
07/01/2027
 
TOP OF THE 1ST
Gwinnett County Black Cats batting - Pitching for Yellowknife Dragonblood : LHP Gustavo Tobías
Pitching: LHP Gustavo Tobías
Batting: RHB Sidney Mackell 0-0: Ball
1-0: Foul Ball, location: 2F
1-1: Ball
2-1: Foul Ball, location: 2F
2-2: Foul Ball, location: 2F
2-2: Ball
3-2: Fly out, F8 (Line Drive, 8RM)
Batting: LHB Ramón Vega 0-0: Fly out, F8 (Flyball, 8LD)
Batting: SHB Melito Báez 0-0: Called Strike
0-1: Swinging Strike
0-2: Ball
1-2: Strikes out swinging
Top of the 1st over - 0 run(s), 0 hit(s), 0 error(s), 0 left on base; Gwinnett County 0 - Yellowknife 0
BOTTOM OF THE 1ST
Yellowknife Dragonblood batting - Pitching for Gwinnett County Black Cats : RHP Octavius Pringle
Pitching: RHP Octavius Pringle
Batting: RHB Manny García 0-0: Swinging Strike
0-1: Ball
1-1: Foul Ball, location: 2F
1-2: Ball
2-2: Ball
3-2: Strikes out swinging
Batting: SHB Miguel Herrera 0-0: Ball
1-0: Ball
2-0: Called Strike
2-1: Ball
3-1: Base on Balls
Batting: RHB Keith Kamen 0-0: Swinging Strike
0-1: Swinging Strike
0-2: Ball
1-2: Ball
2-2: Strikes out swinging
Batting: SHB Peer van Lochem 0-0: Foul Ball, location: 2F
0-1: Ball
1-1: Called Strike
1-2: Ball
2-2: Strikes out swinging
Bottom of the 1st over - 0 run(s), 0 hit(s), 0 error(s), 1 left on base; Gwinnett County 0 - Yellowknife 0
TOP OF THE 2ND
Gwinnett County Black Cats batting - Pitching for Yellowknife Dragonblood : LHP Gustavo Tobías
Batting: SHB Raúl Rodríguez 0-0: Foul Ball, location: 2F
0-1: Swinging Strike
0-2: Strikes out swinging
Batting: RHB Neil Sanderson 0-0: Ball
1-0: Ball
2-0: TRIPLE (Flyball, 89D)
Batting: RHB Chang-lit Min 0-0: Swinging Strike
0-1: Called Strike
0-2: Foul Ball, location: 2F
0-2: Strikes out swinging
Batting: RHB Rikky van Opel 0-0: Ball
1-0: Swinging Strike
1-1: Foul Ball, location: 2F
1-2: Foul Ball, location: 2F
1-2: Ball
2-2: SINGLE (Groundball, 56D)
Neil Sanderson scores
Batting: RHB Matt Jeong 0-0: Foul Ball, location: 2F
0-1: Fielders Choice at 2nd, 6-4 (Groundball, 6)
Top of the 2nd over - 1 run(s), 2 hit(s), 0 error(s), 0 left on base; Gwinnett County 1 - Yellowknife 0
BOTTOM OF THE 2ND
Yellowknife Dragonblood batting - Pitching for Gwinnett County Black Cats : RHP Octavius Pringle
Batting: LHB Ashley Thachi 0-0: Called Strike
0-1: Ball
1-1: Foul Ball, location: 2F
1-2: Strikes out swinging
Batting: RHB Alejandro Bracamonte 0-0: Called Strike
0-1: Foul Ball, location: 2F
0-2: Ball
1-2: Ball
2-2: Ball
3-2: Fly out, F5 (Popup, 56S)
Batting: RHB Manuel Ramos 0-0: Called Strike
0-1: Ball
1-1: Ball
2-1: Ground out 1-3 (Groundball, 15S)
Bottom of the 2nd over - 0 run(s), 0 hit(s), 0 error(s), 0 left on base; Gwinnett County 1 - Yellowknife 0
TOP OF THE 3RD
Gwinnett County Black Cats batting - Pitching for Yellowknife Dragonblood : LHP Gustavo Tobías
Batting: LHB Octávio Ontiveros 0-0: Ball
1-0: SINGLE (Groundball, 6D)
Batting: RHB Sidney Mackell 0-0: Ball
1-0: Foul Ball, location: 2F
1-1: Ball
2-1: Ball
3-1: Fly out, F8 (Flyball, 78M)
Batting: LHB Ramón Vega 0-0: Ball
1-0: Ball
2-0: Ball
3-0: Fielders Choice at 2nd, 4-6 (Groundball, 34)
Batting: SHB Melito Báez 0-0: Ball
1-0: Ball
2-0: Called Strike
2-1: Foul Ball, location: 2F
2-2: Strikes out swinging
Top of the 3rd over - 0 run(s), 1 hit(s), 0 error(s), 1 left on base; Gwinnett County 1 - Yellowknife 0
BOTTOM OF THE 3RD
Yellowknife Dragonblood batting - Pitching for Gwinnett County Black Cats : RHP Octavius Pringle
Batting: RHB Norberto Juárez 0-0: Ground out 5-3 (Groundball, 56)
Batting: RHB Breanainn Swartwood 0-0: Ball
1-0: Called Strike
1-1: Swinging Strike
1-2: Ball
2-2: Foul Ball, location: 2F
2-2: Ground out 6-3 (Groundball, 6D)
Batting: RHB Manny García 0-0: Ground out 6-3 (Groundball, 6S)
Bottom of the 3rd over - 0 run(s), 0 hit(s), 0 error(s), 0 left on base; Gwinnett County 1 - Yellowknife 0
TOP OF THE 4TH
Gwinnett County Black Cats batting - Pitching for Yellowknife Dragonblood : LHP Gustavo Tobías
Batting: SHB Raúl Rodríguez 0-0: Ball
1-0: Ground out 6-3 (Groundball, 6D)
Batting: RHB Neil Sanderson 0-0: Ball
1-0: Ball
2-0: Called Strike
2-1: Foul Ball, location: 2F
2-2: Foul Ball, location: 2F
2-2: Foul Ball, location: 2F
2-2: Ground out 6-3 (Groundball, 6)
Batting: RHB Chang-lit Min 0-0: Fly out, F8 (Flyball, 89D)
Top of the 4th over - 0 run(s), 0 hit(s), 0 error(s), 0 left on base; Gwinnett County 1 - Yellowknife 0
BOTTOM OF THE 4TH
Yellowknife Dragonblood batting - Pitching for Gwinnett County Black Cats : RHP Octavius Pringle
Batting: SHB Miguel Herrera 0-0: Ball
1-0: Ball
2-0: Ball
3-0: Base on Balls
Batting: RHB Keith Kamen 0-0: Fly out, F7 (Flyball, 7)
Batting: SHB Peer van Lochem 0-0: Foul Ball, location: 2F
0-1: Fly out, F5 (Popup, 56S)
Batting: LHB Ashley Thachi 0-0: Foul Ball, location: 2F
0-1: Fielders Choice at 2nd, 4-6 (Groundball, 4MD)
Bottom of the 4th over - 0 run(s), 0 hit(s), 0 error(s), 0 left on base; Gwinnett County 1 - Yellowknife 0
TOP OF THE 5TH
Gwinnett County Black Cats batting - Pitching for Yellowknife Dragonblood : LHP Gustavo Tobías
Batting: RHB Rikky van Opel 0-0: Ball
1-0: Fly out, F4 (Line Drive, 4)
Batting: RHB Matt Jeong 0-0: Foul Ball, location: 2F
0-1: Ground out 5-3 (Groundball, 56)
Batting: LHB Octávio Ontiveros 0-0: Swinging Strike
0-1: SINGLE (Groundball, 4D)
Batting: RHB Sidney Mackell 0-0: Ball
Octávio Ontiveros steals 2nd base
1-0: Swinging Strike
1-1: Ball
2-1: Swinging Strike
2-2: Strikes out looking
Top of the 5th over - 0 run(s), 1 hit(s), 0 error(s), 1 left on base; Gwinnett County 1 - Yellowknife 0
BOTTOM OF THE 5TH
Yellowknife Dragonblood batting - Pitching for Gwinnett County Black Cats : RHP Octavius Pringle
Batting: RHB Alejandro Bracamonte 0-0: Called Strike
0-1: Ball
1-1: Bunt for hit - play at first, batter OUT! 1-3
Batting: RHB Manuel Ramos 0-0: Foul Ball, location: 2F
0-1: Ball
1-1: SINGLE (Line Drive, 4MD)
Batting: RHB Norberto Juárez 0-0: Swinging Strike
0-1: Swinging Strike
0-2: Ball
1-2: Foul Ball, location: 2F
1-2: Strikes out looking
Batting: RHB Breanainn Swartwood 0-0: Ball
1-0: Ball
2-0: Foul Ball, location: 2F
2-1: Ball
3-1: Ground out 5-3 (Groundball, 56S)
Bottom of the 5th over - 0 run(s), 1 hit(s), 0 error(s), 1 left on base; Gwinnett County 1 - Yellowknife 0
TOP OF THE 6TH
Gwinnett County Black Cats batting - Pitching for Yellowknife Dragonblood : LHP Gustavo Tobías
Batting: LHB Ramón Vega 0-0: Ball
1-0: Ball
2-0: SINGLE (Groundball, 6MD)
Batting: SHB Melito Báez 0-0: Ball
1-0: Ball
2-0: Foul Ball, location: 2F
2-1: Ball
3-1: Foul Ball, location: 2F
3-2: Foul Ball, location: 2F
3-2: Strikes out swinging
Batting: SHB Raúl Rodríguez 0-0: Ball
Ramón Vega steals 2nd base
1-0: Ball
2-0: Called Strike
2-1: Ball
3-1: Swinging Strike
3-2: Fly out, F8 (Flyball, 8LXD)
Runner from 2nd tags up, SAFE at 3rd, no throw
Batting: RHB Neil Sanderson 0-0: Ball
1-0: Ball
2-0: Ball
3-0: Called Strike
3-1: Called Strike
3-2: Foul Ball, location: 2F
3-2: Base on Balls
Pitching: LHP Roberto Muñóz
Batting: RHB Chang-lit Min 0-0: Ball
1-0: Foul Ball, location: 2F
1-1: Ball
2-1: Ball
3-1: Ground out 1-3 (Groundball, P)
Top of the 6th over - 0 run(s), 1 hit(s), 0 error(s), 2 left on base; Gwinnett County 1 - Yellowknife 0
BOTTOM OF THE 6TH
Yellowknife Dragonblood batting - Pitching for Gwinnett County Black Cats : RHP Octavius Pringle
Batting: RHB Manny García 0-0: Foul Ball, location: 2F
0-1: Foul Ball, location: 2F
0-2: Strikes out looking
Batting: SHB Miguel Herrera 0-0: Swinging Strike
0-1: Foul Ball, location: 2F
0-2: Foul Ball, location: 2F
0-2: Strikes out looking
Batting: RHB Keith Kamen 0-0: Swinging Strike
0-1: Ball
1-1: Foul Ball, location: 2F
1-2: Ball
2-2: Foul Ball, location: 2F
2-2: Foul Ball, location: 2F
2-2: Ball
3-2: Strikes out swinging
Bottom of the 6th over - 0 run(s), 0 hit(s), 0 error(s), 0 left on base; Gwinnett County 1 - Yellowknife 0
TOP OF THE 7TH
Gwinnett County Black Cats batting - Pitching for Yellowknife Dragonblood : RHP Jesús Atencio
Pitching: RHP Jesús Atencio
Batting: RHB Rikky van Opel 0-0: Ball
1-0: Ground out 6-3 (Groundball, 6S)
Batting: RHB Matt Jeong 0-0: Called Strike
0-1: Swinging Strike
0-2: Ball
1-2: Strikes out looking
Batting: LHB Octávio Ontiveros 0-0: Called Strike
0-1: Ball
1-1: Ball
2-1: Foul Ball, location: 2F
2-2: Foul Ball, location: 2F
2-2: Ball
3-2: Foul Ball, location: 2F
3-2: Base on Balls
Pinch Hitting: LHB Jim Unknown 0-0: Called Strike
0-1: Ball
1-1: Ball
Octávio Ontiveros is caught stealing 2nd base
Top of the 7th over - 0 run(s), 0 hit(s), 0 error(s), 0 left on base; Gwinnett County 1 - Yellowknife 0
BOTTOM OF THE 7TH
Yellowknife Dragonblood batting - Pitching for Gwinnett County Black Cats : RHP Octavius Pringle
Now at 1B: Jim Unknown
Batting: SHB Peer van Lochem 0-0: Ball
1-0: SINGLE (Groundball, 3D)
Pinch Hitting: LHB Jim Unknown 0-0: Ball
1-0: Ball
2-0: Called Strike
2-1: Foul Ball, location: 2F
2-2: Fly out, F9 (Flyball, 9)
Batting: RHB Alejandro Bracamonte 0-0: Foul Ball, location: 2F
0-1: Ball
1-1: Ball
2-1: Swinging Strike
2-2: Foul Ball, location: 2F
2-2: SINGLE (Groundball, 6) (infield hit)
Peer van Lochem to second
Pinch Hitting: RHB Sergio Peña 0-0: Ball
1-0: Ball
2-0: Called Strike
2-1: Swinging Strike
2-2: Ball
3-2: Foul Ball, location: 2F
3-2: Base on Balls
Peer van Lochem to third
Alejandro Bracamonte to second
Pinch Hitting: RHB Arturo Sánchez 0-0: SINGLE (Groundball, 34D)
Peer van Lochem scores
Alejandro Bracamonte to third
Sergio Peña to second
Runner from 3rd tries for Home, SAFE, no throw
Pinch Hitting: RHB Cosmo Castanhedo 0-0: Ball
1-0: Called Strike
1-1: Fly out, F8 (Flyball, 89M)
Runner from 2nd tags up, SAFE at 3rd with throw
Batting: RHB Manny García 0-0: Called Strike
Arturo Sánchez steals 2nd base
0-1: Swinging Strike
0-2: Ball
1-2: Strikes out looking
Bottom of the 7th over - 2 run(s), 3 hit(s), 0 error(s), 2 left on base; Gwinnett County 1 - Yellowknife 2
TOP OF THE 8TH
Gwinnett County Black Cats batting - Pitching for Yellowknife Dragonblood : RHP Jesús Atencio
Pitching: RHP Manuel Torres
Now at 1B: Jim Unknown
Now at 2B: Sergio Peña
Now at SS: Cosmo Castanhedo
Batting: LHB Jim Unknown 0-0: Ball
Now at 1B: Arturo Sánchez 1-0: Ball
2-0: Called Strike
2-1: Called Strike
2-2: Strikes out looking
Batting: LHB Ramón Vega 0-0: Foul Ball, location: 2F
0-1: Swinging Strike
0-2: Strikes out looking
Batting: SHB Melito Báez 0-0: Ball
1-0: Foul Ball, location: 2F
1-1: Fly out, F8 (Flyball, 8RD)
Top of the 8th over - 0 run(s), 0 hit(s), 0 error(s), 0 left on base; Gwinnett County 1 - Yellowknife 2
BOTTOM OF THE 8TH
Yellowknife Dragonblood batting - Pitching for Gwinnett County Black Cats : RHP Octavius Pringle
Batting: SHB Miguel Herrera 0-0: Swinging Strike
0-1: Swinging Strike
0-2: Ball
1-2: Ground out 6-3 (Groundball, 6)
Batting: RHB Keith Kamen 0-0: Called Strike
0-1: Ball
1-1: Fly out, F7 (Line Drive, 7)
Batting: SHB Peer van Lochem 0-0: Called Strike
0-1: Ball
1-1: Foul Ball, location: 2F
1-2: SINGLE (Line Drive, 4MD)
Pitching: RHP Clarence Oveur
Batting: LHB Jim Unknown 0-0: Called Strike
0-1: Ball
1-1: Ball
2-1: Called Strike
2-2: Foul Ball, location: 2F
2-2: 2-RUN HOME RUN (Flyball, 9D), Distance : 365 ft
Batting: RHB Alejandro Bracamonte 0-0: Ball
1-0: SINGLE (Groundball, 4MD)
Batting: RHB Sergio Peña 0-0: Ball
1-0: Called Strike
1-1: Ball
2-1: Ball
3-1: Called Strike
3-2: Base on Balls
Alejandro Bracamonte to second
Batting: RHB Arturo Sánchez 0-0: Ball
1-0: Foul Ball, location: 2F
1-1: Foul Ball, location: 2F
1-2: Ball
2-2: Foul Ball, location: 2F
2-2: Foul Ball, location: 2F
2-2: Strikes out swinging
Bottom of the 8th over - 2 run(s), 3 hit(s), 0 error(s), 2 left on base; Gwinnett County 1 - Yellowknife 4
TOP OF THE 9TH
Gwinnett County Black Cats batting - Pitching for Yellowknife Dragonblood : RHP Manuel Torres
Pitching: RHP James Stanton
Batting: SHB Raúl Rodríguez 0-0: Ball
1-0: Foul Ball, location: 2F
1-1: Ball
2-1: SINGLE (Groundball, 4MD)
Batting: RHB Neil Sanderson 0-0: Foul Ball, location: 2F
0-1: Ball
1-1: Foul Ball, location: 2F
1-2: Foul Ball, location: 2F
1-2: Strikes out looking
Batting: RHB Chang-lit Min 0-0: 2-RUN HOME RUN (Flyball, 9LD), Distance : 355 ft
Batting: RHB Rikky van Opel 0-0: Ball
1-0: SINGLE (Line Drive, 9S)
Pinch Runner at 1st Edgardo De Jesús:
Pinch Hitting: LHB Darrell Woodmansee 0-0: Ball
1-0: Ball
2-0: Fly out, F4 (Popup, 3L)
Batting: LHB Octávio Ontiveros 0-0: Called Strike
0-1: Ball
1-1: Ball
2-1: SINGLE (Line Drive, 89S)
Edgardo De Jesús to second
Batting: LHB Jim Unknown 0-0: Called Strike
0-1: Foul Ball, location: 2F
0-2: Ball
1-2: Ball
2-2: Ball
3-2: Base on Balls
Edgardo De Jesús to third
Octávio Ontiveros to second
Batting: LHB Ramón Vega 0-0: Called Strike
0-1: Swinging Strike
0-2: Ball
1-2: Fly out, F7 (Flyball, 7S)
Top of the 9th over - 2 run(s), 4 hit(s), 0 error(s), 3 left on base; Gwinnett County 3 - Yellowknife 4
Saturday, May 26th, 2018 - OOTP Baseball 17.12 Build 75